 Dungeon Crawl Stone Soup version 0.26-a0-651-gb41185065b (webtiles) character file.

Game seed: 9226979220505418259

14390 gbos the Nimble (level 11, -5/97 HPs)
             Began as a Deep Dwarf Necromancer on Oct 9, 2020.
             Was a Priest of Makhleb.
             Slain by a harpy (8 damage)
             ... summoned by Kirke
             ... on level 4 of the Lair of Beasts.
             The game lasted 01:24:41 (15691 turns).

gbos the Nimble (Deep Dwarf Necromancer)           Turns: 15691, Time: 01:24:42

Health: -5/97      AC:  0    Str: 12    XL:     11   Next: 88%
Magic:  11/17      EV: 21    Int: 19    God:    Makhleb [***...]
Gold:   528        SH:  0    Dex: 13    Spells: 1/16 levels left

rFire    . . .     SeeInvis .   (weapon currently unavailable)
rCold    . . .     Faith    .   (shield currently unavailable)
rNeg     . . .     Spirit   .   (armour currently unavailable)
rPois    .         Reflect  .   (helmet currently unavailable)
rElec    .         Harm     .   (cloak currently unavailable)
rCorr    .         Rampage  .   (gloves currently unavailable)
MR       +....                  (boots currently unavailable)
Stlth    ++........             x - amulet of magic regeneration
HPRegen  0.00/turn              (ring currently unavailable)
MPRegen  0.40/turn              (ring currently unavailable)

@: pig-form, non-regenerating, very quick
A: small, damage resistance, heal wounds, sense surroundings 2, no regeneration
a: Heal Wounds, Minor Destruction, Lesser Servant of Makhleb, Renounce Religion


You were on level 4 of the Lair of Beasts.
You worshipped Makhleb.
Makhleb was most pleased with you.
You were a filthy swine.
You visited 3 branches of the dungeon, and saw 13 of its levels.

You collected 962 gold pieces.
You spent 434 gold pieces at shops.


Innate Abilities, Weirdness & Mutations

You are resistant to damage.
You can heal yourself by infusing magical energy.
You passively map the area around you.
You do not regenerate.


   Skills:
 - Level 6.1 Fighting
 + Level 2.0 Armour
 - Level 11.0 Dodging
 - Level 2.4 Stealth
 - Level 4.7 Shields
 - Level 3.3 Spellcasting
 + Level 1.6 Conjurations
 - Level 8.2 Necromancy
 - Level 4.0 Transmutations
 + Level 10.4 Earth Magic
 - Level 10.3 Invocations


You had one spell level left.
You knew the following spells:

 Your Spells              Type           Power        Failure   Level
c - Stone Arrow           Conj/Erth      ####..       3%          3
x - Vampiric Draining     Necr           ####......   1%          3
y - Sandblast             Erth           #####.       1%          1
z - Pain                  Necr           ####         1%          1
N - Passwall              Tmut/Erth      ####....     1%          2
X - Lee's Rapid Deconstr  Erth           #####.....   6%          5

Your spell library contained the following spells:

 Spells                   Type           Power        Failure   Level
 Animate Skeleton         Necr           ####..       1%          1
 Beastly Appendage        Tmut           ###...       2%          1
 Wereblood                Tmut           ###.....     4%          2
 Animate Dead             Necr           ####......   4%          4
 Petrify                  Tmut/Erth      ####....     8%          4
 Agony                    Necr           ####....     14%         5
 Spider Form              Tmut/Pois      ##........   19%         3
 Blink                    Tloc           N/A          22%         2
 Gell's Gravitas          Tloc           #.........   41%         3
 Lesser Beckoning         Tloc           #.........   41%         3
 Teleport Other           Tloc           #.......     41%         3
 Ice Form                 Ice/Tmut       ##......     54%         4
 Blade Hands              Tmut           ###.......   61%         5
 Passage of Golubria      Tloc           N/A          83%         4

Inventory:

Hand Weapons
 a - a +2 whip of flaming
 z - the +5 flail of Precise Incision {vorpal, Str+2}

   It inflicts extra damage upon your enemies.
   It affects your strength (+2).
 H - a +2 whip of draining
 O - a +2 short sword of venom (melded)
 S - a +1 broad axe of electrocution
Missiles
 b - 9 boomerangs (quivered)
 D - 121 stones
Armour
 c - a +0 cloak (melded)
 n - a +1 buckler (melded)
 p - a +0 kite shield
 s - a +2 leather armour of fire resistance
 G - a +0 helmet of intelligence (melded)
 I - the +4 ring mail "Tossuoss" (melded) {rN+}

   It protects you from negative energy.
 M - the +1 pair of gloves of a bailey (melded) {rF+ rC+ SInv}

   It protects you from fire.
   It protects you from cold.
   It lets you see invisible.
 N - +0 acid dragon scales
 R - a +0 pair of boots (melded)
Jewellery
 i - an uncursed ring of positive energy
 j - an uncursed ring of stealth
 w - an uncursed ring of protection from fire
 x - an amulet of magic regeneration (around neck)
 A - a ring of magical power (melded)
 C - an uncursed ring of flight
 F - an uncursed amulet of regeneration {unknown}
 T - an uncursed ring of protection from magic
 W - the ring of Koepah (melded) {+Fly rElec rF+ Str+2 Dex-4}

   [ring of flight]

   It affects your strength (+2).
   It affects your dexterity (-4).
   It protects you from fire.
   It insulates you from electricity.
   It lets you fly.
Wands
 h - a wand of paralysis (21)
 o - a wand of iceblast (7)
 t - a wand of polymorph (15)
Scrolls
 e - 9 scrolls of remove curse
 f - 2 scrolls of fear
 u - 5 scrolls of enchant armour
 y - 8 scrolls of identify {@r1}
 B - a scroll of amnesia
 P - a scroll of fog
 Q - 4 scrolls of teleportation {@r4}
 V - 2 scrolls of blinking
 Y - a scroll of enchant weapon
 Z - a scroll of torment {unknown}
Potions
 d - 2 potions of mutation {unknown}
 g - 2 potions of haste {unknown}
 k - a potion of heal wounds {@q2}
 l - 6 potions of curing {@q1}
 m - 2 potions of cancellation {unknown}
 q - 2 potions of degeneration {!q}
 r - 5 potions of might
 v - 2 potions of berserk rage {unknown}
 E - 3 potions of brilliance
 L - 2 potions of flight {unknown}
 U - a potion of lignification {unknown}

Dungeon Overview and Level Annotations

Branches:
Dungeon (8/15)             Temple (1/1) D:4            Lair (4/6) D:8
 Shoals (0/4) Lair:2
  Snake: Lair:2-4    Spider: Lair:2-4

Altars:
Ashenzari
Cheibriados
Dithmenos
Elyvilon
Fedhas
Gozag
Hepliaklqana
Kikubaaqudgha
Makhleb
Nemelex Xobeh
Okawaru
Qazlal
Ru
Sif Muna
Trog
Uskayaw
Vehumet
Wu Jian
Xom
Yredelemnul
Zin
The Shining One

Shops:
D:6 *   D:8 [

Annotations:
D:7 1 runed translucent door, exclusion: door, Crazy Yiuf, Harold
Lair:1 exclusion: 2 oklob plants
Lair:3 exclusion: oklob plant
Lair:4 exclusion: oklob plant, Kirke

, , ▒.▒.▒ ▒▒▒ ░ ▒. ▒▒..▒▒▒▒.▒▒▒
▒▒▒▒▒▒ ▒▒..▒░ ▒..........▒ ▒.....
▒..PP ▒▒.........▒▒▒ ▒....
....▒▒▒▒ ▒...........▒ ▒...
▒.▒▒..▒ ▒▒........)▒▒ ▒Hh4 ░
▒.....▒▒ ▒.........P▒▒▒▒.H▒
▒.....f▒▒▒▒▒▒▒HHH......f..▒.▒▒▒
▒▒.............h.H........††....
▒▒........PP▒▒▒.▒..........†.....
▒...▒▒▒▒▒.▒▒▒ ▒.▒▒....▒▒▒f▒▒▒▒▒..
......▒▒▒▒▒▒ ▒▒▒▒▒▒▒▒▒ ▒▒▒ ▒▒
...>..▒▒P.£▒ ...<..▒ F£(▒
▒.....▒░ [?▒ ░ ▒.....▒ ▒P▒
▒.....▒▒▒▒.▒


You could see 4 harpies.


Message History

The harpy misses you. The harpy closely misses you. The harpy claws you!
* * * LOW HITPOINT WARNING * * *
The harpy misses you.
The harpy screeches!
The harpy claws you!
* * * LOW HITPOINT WARNING * * *
The harpy closely misses you.
The harpy screeches!
The harpy claws you.
* * * LOW HITPOINT WARNING * * *
The harpy misses you. The harpy misses you. The harpy claws you.
Okay, then.
The harpy screeches!
The harpy misses you. The harpy completely misses you. The harpy claws you!!
* * * LOW HITPOINT WARNING * * *
The harpy claws you.
* * * LOW HITPOINT WARNING * * *
The harpy claws you!
* * * LOW HITPOINT WARNING * * *
The harpy barely misses you. The harpy claws you!
* * * LOW HITPOINT WARNING * * *
The harpy claws you!
You die...

Action                   |  1- 3 |  4- 6 |  7- 9 | 10-12 || total
-------------------------+-------+-------+-------+-------++-------
Melee: Short sword       |    64 |    71 |     5 |   167 ||   307
       Whip              |       |    66 |   110 |       ||   176
       Dagger            |       |       |    58 |       ||    58
       Flail             |       |       |     1 |       ||     1
       Unarmed           |       |       |       |     1 ||     1
 Cast: Pain              |    59 |    61 |   172 |   124 ||   416
       Vampiric Draining |       |    21 |    51 |    79 ||   151
       Animate Dead      |       |       |     2 |       ||     2
       Sandblast         |       |       |    28 |    67 ||    95
       Stone Arrow       |       |       |       |    13 ||    13
       Lee's Rapid Decon |       |       |       |     1 ||     1
Invok: Lesser Servant of |       |       |       |     3 ||     3
 Abil: Heal Wounds       |       |       |     2 |       ||     2
Evoke: Wand              |       |       |       |     5 ||     5
  Use: Scroll            |     7 |     2 |     8 |     8 ||    25
       Potion            |     1 |     4 |     1 |     1 ||     7
 Stab: Sleeping          |     2 |     3 |     1 |       ||     6
Armor: Robe              |    25 |    14 |     1 |       ||    40
       Ring mail         |       |       |   136 |    94 ||   230
Dodge: Dodged            |    54 |   142 |   222 |   221 ||   639
Block: Buckler           |    12 |    63 |   101 |    90 ||   266

Levels and vault maps discovered:
D:1:      heliophobic_arrival_glass_houses, layout_loops_cross, glass_columns_a,
          minmay_misc_feat_rows, minmay_misc_feat_pillars, st_stairs_4
D:2:      layout_basic
D:3:      layout_loops_cross, serial_bayou, serial_bayou_pond_d,
          serial_bayou_pond_d, serial_bayou_lagoon_a, serial_bayou_pond_d,
          minmay_misc_feat_ornament, dk_noncrumbling_2
D:4:      layout_layer_cave, minmay_temple_entry_hall, serial_co_window_serial,
          co_window_paths_b, co_window_paths_a, co_window_of_opportunity_a,
          co_window_paths_a, co_window_paths_b, co_window_of_opportunity_b,
          co_window_broadway_c, co_window_2corner, co_window_broadway_b,
          co_window_cross_2, co_window_2corner, co_window_4corner_a,
          glass_columns_c, glass_columns_a, glass_columns_c, uniq_menkaure
D:5:      kennysheep_kobold_camp, layout_rooms, dk_yredelemnul_ordeal
D:6:      layout_rooms, serial_shops, kennysheep_mini_moat,
          lemuel_altar_in_water, uniq_duvessa
D:7:      layout_loops_ring, kennysheep_vampire_church, grunt_decor_arrowhead,
          uniq_crazy_yiuf_cottage, uniq_maggie, uniq_pikel, uniq_harold
D:8:      layout_rooms, lair_entry_dummy, serial_shops,
          nicolae_shop_window_shopping
Temple:   dpeg_three_leaves_temple
Lair:1:   layout_regular_city, minmay_lair_oklob_chamber, grunt_megastairs_4
Lair:2:   layout_layer_cave, shoals_dummy_entry, infiniplex_staircase_pool_2,
          grunt_megastairs_2, uniq_urug
Lair:3:   layout_gridlike, minmay_lair_oklob_bushes, beast_lair_carwin_3,
          lemuel_fruit_fields
Lair:4:   layout_cave_pods, minmay_snake_entry_guardpost_medium,
          minmay_lair_oklob_items, uniq_kirke

Notes
Turn   | Place    | Note
-------+----------+-------------------------------------------
     0 | D:1      | gbos the Deep Dwarf Necromancer began the quest for the
                  | Orb.
     0 | D:1      | Reached XP level 1. HP: 15/15 MP: 3/3
   431 | D:1      | Reached XP level 2. HP: 22/22 MP: 0/4
   810 | D:1      | Reached skill level 3 in Dodging
  1365 | D:2      | Reached XP level 3. HP: 21/28 MP: 5/5
  1627 | D:2      | Reached skill level 5 in Necromancy
  1650 | D:2      | Reached skill level 1 in Shields
  1731 | D:2      | Learned a level 3 spell: Vampiric Draining
  2269 | D:3      | Reached XP level 4. HP: 32/36 MP: 1/6
  2960 | D:4      | Reached skill level 2 in Shields
  3157 | D:4      | Noticed Menkaure
  3291 | D:4      | Reached XP level 5. HP: 20/42 MP: 1/7
  3363 | D:4      | Reached skill level 4 in Dodging
  3469 | D:4      | Found a staircase to the Ecumenical Temple.
  3481 | Temple   | Entered the Ecumenical Temple
  3490 | Temple   | Became a worshipper of Makhleb the Destroyer
  3666 | D:4      | Reached skill level 3 in Shields
  3908 | D:4      | Reached skill level 6 in Necromancy
  3908 | D:4      | Reached XP level 6. HP: 33/49 MP: 0/8
  4792 | D:5      | Entered Level 5 of the Dungeon
  5880 | D:5      | Reached skill level 5 in Dodging
  5975 | D:5      | Reached skill level 4 in Shields
  6103 | D:5      | Reached XP level 7. HP: 36/55 MP: 9/9
  6191 | D:5      | Identified the +4 ring mail "Tossuoss" {rN+}
  6304 | D:5      | Reached * piety under Makhleb
  6692 | D:5      | Found a runed translucent door.
  6692 | D:5      | Noticed a human
  6695 | D:5      | Found a basalt altar of Yredelemnul.
  7024 | D:6      | Noticed Duvessa
  7024 | D:6      | Noticed Dowan
  7039 | D:5      | Reached skill level 1 in Fighting
  7039 | D:5      | Reached skill level 7 in Necromancy
  7166 | D:5      | Reached skill level 1 in Invocations
  7200 | D:5      | Reached skill level 6 in Dodging
  7254 | D:6      | Reached skill level 2 in Fighting
  7254 | D:6      | Reached skill level 2 in Invocations
  7254 | D:6      | Reached XP level 8. HP: 58/67 MP: 10/10
  7310 | D:6      | Learned a level 4 spell: Animate Dead
  7633 | D:6      | Killed Duvessa
  7750 | D:6      | Killed Dowan
  7750 | D:6      | Reached skill level 3 in Invocations
  8010 | D:6      | Found a basalt altar of Yredelemnul.
  8037 | D:6      | Found Qiule's Assorted Antiques.
  8040 | D:6      | Bought a shiny helmet for 210 gold pieces
  8128 | D:6      | Reached skill level 3 in Fighting
  8273 | D:7      | Reached skill level 4 in Invocations
  8306 | D:7      | Reached skill level 7 in Dodging
  8306 | D:7      | Reached skill level 8 in Necromancy
  8370 | D:7      | Reached ** piety under Makhleb
  8393 | D:7      | Got a fading flail
  8394 | D:7      | Noticed Pikel
  8430 | D:6      | Identified the +5 flail of Precise Incision {vorpal, Str+2}
                  | (You found it on level 7 of the Dungeon)
  8772 | D:6      | Learned a level 1 spell: Sandblast
  8844 | D:7      | Gained mutation: You passively map the area around you.
                  | [Deep Dwarf growth]
  8844 | D:7      | Reached XP level 9. HP: 61/78 MP: 12/12
  8848 | D:7      | Learned a level 2 spell: Passwall
  8853 | D:7      | Reached skill level 5 in Invocations
  8867 | D:6      | Killed Pikel
  8867 | D:6      | Reached skill level 4 in Fighting
  8867 | D:6      | Reached skill level 2 in Earth Magic
  9116 | D:4      | Killed Menkaure
  9116 | D:4      | Reached skill level 3 in Earth Magic
  9116 | D:4      | Reached skill level 6 in Invocations
  9499 | D:7      | Noticed Harold
  9798 | D:7      | Found a runed translucent door.
  9799 | D:7      | Noticed Crazy Yiuf
  9826 | D:7      | Reached skill level 8 in Dodging
  9919 | D:7      | Identified +0 acid dragon scales
  9919 | D:7      | Noticed Maggie
  9932 | D:7      | Killed Maggie
  9932 | D:7      | Reached skill level 1 in Transmutations
  9932 | D:7      | Reached skill level 4 in Earth Magic
 10096 | D:7      | Found an ancient bone altar of Kikubaaqudgha.
 10498 | D:7      | Reached skill level 5 in Fighting
 10521 | D:8      | Reached skill level 2 in Transmutations
 10524 | D:8      | Reached skill level 7 in Invocations
 10688 | D:8      | Reached skill level 5 in Earth Magic
 10688 | D:8      | Reached XP level 10. HP: 88/88 MP: 14/14
 10733 | D:8      | Reached *** piety under Makhleb
 10769 | D:8      | Found Quixuthru's Antique Armour Shop.
 10772 | D:8      | Bought an ancient chain mail for 152 gold pieces
 10772 | D:8      | Bought a pair of boots for 72 gold pieces
 10772 | D:8      | Identified the cursed +0 chain mail "Osypev" {rPois Int-4
                  | Dex+4} (You bought it in a shop on level 8 of the Dungeon)
 10777 | D:8      | Noticed a two-headed ogre
 11063 | D:8      | Killed a two-headed ogre
 11173 | D:8      | Found a staircase to the Lair.
 11296 | Lair:1   | Entered Level 1 of the Lair of Beasts
 11333 | D:8      | Reached skill level 3 in Transmutations
 11402 | Lair:1   | Reached skill level 9 in Dodging
 11402 | Lair:1   | Reached skill level 6 in Earth Magic
 11405 | D:8      | Identified a scroll of acquirement
 11405 | D:8      | Acquired the +1 pair of gloves of a bailey {rF+ rC+ SInv}
 11488 | Lair:1   | Reached skill level 8 in Invocations
 11612 | Lair:1   | Reached skill level 6 in Fighting
 11744 | Lair:1   | Reached skill level 4 in Transmutations
 11911 | Lair:1   | Noticed an oklob plant
 11911 | Lair:1   | Noticed an oklob plant
 11991 | Lair:1   | Reached skill level 7 in Earth Magic
 12075 | Lair:1   | Reached skill level 9 in Invocations
 12102 | Lair:1   | Reached XP level 11. HP: 68/97 MP: 7/16
 12737 | Lair:2   | Found a staircase to the Shoals.
 12846 | Lair:2   | Reached skill level 10 in Dodging
 12846 | Lair:2   | Reached skill level 8 in Earth Magic
 13080 | Lair:2   | Noticed Urug
 13086 | Lair:2   | Reached skill level 10 in Invocations
 13096 | Lair:2   | Killed Urug
 13327 | Lair:2   | Got a heavily runed turquoise ring
 13328 | Lair:2   | Identified the ring of Koepah {+Fly rElec rF+ Str+2 Dex-4}
                  | (You found it on level 2 of the Lair of Beasts)
 13588 | Lair:2   | Reached **** piety under Makhleb
 13737 | Lair:3   | Reached skill level 9 in Earth Magic
 13954 | Lair:3   | Reached skill level 2 in Spellcasting
 14228 | Lair:3   | Noticed an oklob plant
 15198 | Lair:4   | Noticed a four-headed hydra
 15287 | Lair:3   | Reached skill level 3 in Spellcasting
 15317 | Lair:3   | Reached skill level 11 in Dodging
 15349 | Lair:4   | Reached skill level 10 in Earth Magic
 15358 | Lair:4   | Learned a level 3 spell: Stone Arrow
 15426 | Lair:4   | Reached skill level 1 in Armour
 15426 | Lair:4   | Reached skill level 1 in Conjurations
 15434 | Lair:4   | Learned a level 5 spell: Lee's Rapid Deconstruction
 15558 | Lair:4   | Noticed an oklob plant
 15559 | Lair:4   | Found the +8 mithril axe "Arga" {speed, MR+}
 15613 | Lair:4   | Noticed Kirke
 15634 | Lair:4   | Reached skill level 2 in Armour
 15661 | Lair:4   | Noticed a harpy
 15661 | Lair:4   | Noticed a harpy
 15679 | Lair:4   | Noticed a harpy
 15679 | Lair:4   | Noticed a harpy
 15691 | Lair:4   | HP: 3/97 [harpy[Kirke] (8)]
 15691 | Lair:4   | Slain by a harpy

Vanquished Creatures
  A two-headed ogre (D:8)
  Pikel (D:6)
  2 black mambas
  Maggie (D:7)
  4 cane toads
  A komodo dragon (Lair:1)
  5 hippogriffs
  10 blink frogs
  18 yaks
  4 hogs (Lair:4)
  A human (D:5)
  A basilisk (Lair:2)
  Menkaure (D:4)
  Duvessa (D:6)
  4 water moccasins
  7 porcupines
  3 sky beasts
  A black bear (D:7)
  4 ogres
  A centaur (D:7)
  2 crocodiles
  2 lemures (D:6)
  2 big kobolds
  8 bullfrogs
  Dowan (D:6)
  2 scorpions
  2 howler monkeys
  2 vampire bats (D:7)
  A quasit (D:6)
  A centaur zombie (D:7)
  4 jellies
  4 hounds
  4 orc priests
  5 orc wizards
  A bullfrog skeleton (D:5)
  6 iguanas
  5 worker ants
  A hound zombie (D:8)
  A hound skeleton (D:6)
  4 gnolls
  2 adders
  A shadow imp (D:8)
  A white imp (D:5)
  2 ufetubi
  An ooze (D:3)
  A dart slug (D:4)
  2 worms
  2 leopard geckos
  23 orcs
  3 bat skeletons (D:7)
  4 bat zombies (D:7)
  3 giant cockroaches
  8 goblins
  9 hobgoblins
  17 jackals
  A quokka (D:4)
  2 ball pythons
  8 bats
  6 frilled lizards
  A goblin zombie (D:5)
  31 kobolds
  A leopard gecko zombie (D:7)
  2 quokka zombies
  5 rats
265 creatures vanquished.

Vanquished Creatures (collateral kills)
  Urug (Lair:2)
  2 hogs (Lair:4)
  A phantom (D:6)
4 creatures vanquished.

Vanquished Creatures (others)
  10 fungi
  74 plants
84 creatures vanquished.

Grand Total: 353 creatures vanquished
